 Dungeon Crawl Stone Soup version 0.31.0-32-g396128a36d (webtiles) character file.

Game seed: 10109051449120744145

515 Starbender the Gusty (level 7, 0/45 HPs)
             Began as an Octopode Air Elementalist on Apr 12, 2024.
             Was an Initiate of Gozag.
             Slain by a centaur (5 damage)
             ... on level 5 of the Dungeon.
             The game lasted 00:11:42 (4705 turns).

Starbender the Gusty (Octopode Air Elementalist)    Turns: 4705, Time: 00:11:42

Health: 0/45       AC:  1    Str:  7    XL:     7   Next: 20%
Magic:  5/11       EV: 13    Int: 26    God:    Gozag
Gold:   141        SH:  0    Dex: 12    Spells: 4/12 levels left

rFire   . . .        v - +0 dagger (speed)
rCold   . . .        (no shield)
rNeg    . . .        (helmet restricted)
rPois   .            (no amulet)
rElec   .            R - ring of resist corrosion
rCorr   +            I - +6 ring of intelligence
SInv    .            (no ring)
Will    .....        (no ring)
Stlth   +++          (no ring)
HPRegen 0.27/turn    (no ring)
MPRegen 0.12/turn    (no ring)
                     (no ring)

%: no passive effects
@: very slightly contaminated
A: almost no armour, amphibious, 8 rings, camouflage 1, gelatinous body 1,
(nimble swimmer 1), tentacles
a: Renounce Religion, Potion Petition, Call Merchant, Bribe Branch


You were on level 5 of the Dungeon.
You worshipped Gozag.
Gozag was aware of your devotion.
You visited 2 branches of the dungeon, and saw 7 of its levels.

You collected 227 gold pieces.
You paid 86 gold pieces to Gozag.


Innate Abilities, Weirdness & Mutations

You cannot wear most types of armour.
You are amphibious.
You can wear up to eight rings at the same time.
Your skin changes colour to match your surroundings (Stealth+).
Your rubbery body absorbs attacks. (AC +1, EV +1)
((You are camouflaged when in or above water. (Stealth+)))
You have tentacles for arms and can constrict up to eight enemies at once.


   Skills:
 - Level 2.0 Fighting
 - Level 2.0 Dodging
 - Level 2.6 Stealth
 + Level 3.0 Spellcasting
 + Level 1.4 Conjurations
 + Level 7.0 Air Magic
 + Level 1.0 Alchemy


You had 4 spell levels left.
You knew the following spells:

 Your Spells              Type           Power      Damage    Failure   Level
a - Airstrike             Air            20%        2d(3-19)  5%          4
m - Mephitic Cloud        Conj/Alch/Air  20%        N/A       8%          3
z - Shock                 Conj/Air       100%       1d9       1%          1

Your spell library contained the following spells:

 Spells                   Type           Power      Damage    Failure   Level
 Swiftness                Air            40%        N/A       1%          3
 Mercury Vapours          Alch/Air       48%        N/A       2%          2
 Static Discharge         Conj/Air       50%        3-6/arc   2%          2
 Ensorcelled Hibernation  Hex/Ice        6%         N/A       14%         2
 Passwall                 Erth           3%         N/A       28%         3
 Freezing Cloud           Conj/Ice/Air   9%         6-21      63%         5

Inventory:

Hand Weapons
 b - a +0 dagger
 n - the +2 hand axe "Ujubbaiji" {holy, rCorr Dex+2}
   (You found it on level 6 of the Dungeon)

   Dex+2:     It affects your dexterity (+2).
   rCorr:     It protects you from acid and corrosion.
 v - a +0 dagger of speed (weapon)
Missiles
 q - 6 darts of dispersal {=f}
Jewellery
 F - a ring of fire
 I - a +6 ring of intelligence (right tentacle)
 R - a ring of resist corrosion (left tentacle)
Wands
 w - a wand of polymorph (9)
Scrolls
 d - a scroll of brand weapon {unknown}
 f - 2 scrolls of vulnerability {unknown}
 g - 2 scrolls of poison {unknown}
 h - 2 scrolls of teleportation {@r2}
 i - 4 scrolls of enchant weapon {unknown}
 k - a scroll of summoning {unknown}
 m - a scroll of silence {unknown}
 p - a scroll of identify {unknown}
 r - a scroll of revelation {unknown}
 s - a scroll of amnesia {unknown}
 u - a scroll of fear {unknown}
Potions
 a - a potion of magic
 c - a potion of enlightenment {unknown}
 e - 2 potions of curing {unknown}
 j - a potion of ambrosia {unknown}
 l - a potion of cancellation {unknown}
 o - a potion of heal wounds {unknown}
 t - a potion of might {unknown}
 x - a potion of lignification {unknown}
 z - a potion of attraction {unknown}

Dungeon Overview and Level Annotations

Branches:
Dungeon (6/15)             Temple (1/1) D:4

Altars:
Ashenzari
Cheibriados
Dithmenos
Elyvilon
Fedhas
Gozag
Hepliaklqana
Kikubaaqudgha
Makhleb
Nemelex Xobeh
Okawaru
Qazlal
Ru
Sif Muna
Trog
Uskayaw
Vehumet
Wu Jian
Xom
Yredelemnul
The Shining One

Annotations:
D:3 Grinder
D:4 3 runed translucent doors, Crazy Yiuf; Duvessa; runthedishwasher's ghost, amateur GnRe
D:6 Maggie

.........#.###.##.##.##.#
........###...#......##.#
.####..#.#.###.##.......#
......##.##......#######
#........###.#.##.#
#..#####.# #.#.##.# #..
#.# #.#..#.# #. #.#
#.##.#.# #@# #.# .#.# #c#
#.. ...# ยงยง# ### .###
.### .# .. .. ###


You could see a centaur (confused).


Message History

Aiming: Mephitic Cloud (dangerous; 8% risk of failure)
Press: ? - help, Shift-Dir - straight line, f - centaur
Aim: a centaur, wielding a +0 shortbow (chance to affect: 81%)
You miscast Mephitic Cloud.
You are very lightly contaminated with residual magic.
Nothing appears to happen.
The centaur shoots an arrow.
The arrow hits you!
* * * LOW HITPOINT WARNING * * *
Casting: Mephitic Cloud (dangerous; 8% risk of failure)
Confirm with . or Enter, or press ? or * to list all spells.
Aiming: Mephitic Cloud (dangerous; 8% risk of failure)
Press: ? - help, Shift-Dir - straight line, f/p - centaur
Aim: a centaur, wielding a +0 shortbow (chance to affect: 81%)
The ball explodes into a vile cloud!
The stinking cloud engulfs the centaur.
You hear an angry growl.
The centaur is engulfed in noxious fumes.
The centaur appears confused.
The centaur is engulfed in noxious fumes.
The centaur appears confused.
Aiming: Polymorph
Press: ? - help, Shift-Dir - straight line, f/p - centaur
Aim: a centaur, wielding a +0 shortbow (confused, will become a howler monkey, a bullfrog, or a crocodile, chance to affect: 49%)
The centaur resists with some effort.
You are too injured to fight recklessly!
You are too injured to fight recklessly!
You hit the centaur.
The centaur is lightly wounded.
Unknown command.
The centaur unwields a +0 shortbow.
The centaur hits you.
You die...
Your body crumbles into a pile of gold.

Skill      XL: |  1  2  3  4  5  6  7 |
---------------+----------------------+-----
Fighting       | 1 2 |  2.0
Air Magic      | 4 5 6 7 |  7.0
Spellcasting   | 3 |  3.0
Alchemy        | 1 |  1.0
Dodging        | |  2.0
Stealth        | |  2.6
Conjurations   | |  1.4

Action                     |  1- 3 |  4- 6 |  7- 9 || total
---------------------------+-------+-------+-------++-------
  Melee: Dagger            |    72 |    99 |    13 ||   184
         Unarmed           |     8 |       |       ||     8
         Constrict         |    19 |    29 |     2 ||    50
         Tentacles         |    19 |    28 |       ||    47
         Punch             |       |     1 |       ||     1
   Cast: Shock             |     5 |     9 |       ||    14
         Airstrike         |       |     6 |     3 ||     9
         Mephitic Cloud    |       |       |     1 ||     1
  Evoke: Wand              |       |       |     1 ||     1
    Use: Scroll            |       |     1 |     1 ||     2
   Stab: Sleeping          |     5 |     7 |     2 ||    14
 Armour: Skin              |    52 |    52 |    11 ||   115
  Dodge: Dodged            |    58 |    83 |    10 ||   151

Levels and vault maps discovered:
D:1:      scummos_arrival_gate, layout_basic, minmay_misc_feat_nine_boxes,
          kennysheep_doodads, st_stairs_9
D:2:      layout_basic, basic_altar, hellmonk_ecumenical_altar_dog_temple,
          uniq_sigmund, uniq_natasha
D:3:      layout_basic, uniq_grinder
D:4:      layout_rooms, grunt_qazlal_clouds, minmay_temple_entry_offerings,
          ebering_ghost_sewer_f, uniq_duvessa, uniq_crazy_yiuf_cottage
D:5:      layout_loops_cross, minmay_misc_feat_chi
D:6:      layout_gridville, minmay_starry_boxes, uniq_menkaure, uniq_maggie
Temple:   mainiacjoe_temple_big_plus

Notes
Turn   | Place    | Note
-------+----------+-------------------------------------------
     0 | D:1      | Starbender the Octopode Air Elementalist began the quest
                  | for the Orb.
     0 | D:1      | Reached XP level 1. HP: 11/11 MP: 3/3
   149 | D:1      | Reached skill level 1 in Fighting
   202 | D:1      | Reached XP level 2. HP: 17/19 MP: 5/5
   252 | D:1      | Reached skill level 2 in Fighting
   513 | D:1      | Reached XP level 3. HP: 21/24 MP: 6/6
  1176 | D:2      | Found a faded altar of an unknown god.
  1182 | D:2      | Noticed Natasha
  1192 | D:2      | Reached skill level 4 in Air Magic
  1214 | D:3      | HP: 1/24 [jackal (3)]
  1415 | D:2      | Killed Natasha
  1416 | D:2      | Reached XP level 4. HP: 17/29 MP: 7/7
  1456 | D:2      | Noticed Natasha
  1468 | D:2      | Killed Natasha
  1554 | D:2      | Found a shimmering altar of Xom.
  1581 | D:2      | Learned a level 4 spell: Airstrike
  1618 | D:2      | Reached skill level 5 in Air Magic
  1618 | D:2      | Reached XP level 5. HP: 29/34 MP: 5/8
  1878 | D:2      | Noticed Sigmund
  1894 | D:2      | Killed Sigmund
  1895 | D:2      | Reached skill level 6 in Air Magic
  1895 | D:2      | Reached XP level 6. HP: 32/39 MP: 3/9
  2361 | D:3      | You fall into a shaft and drop 3 floors!
  2414 | D:6      | Noticed Maggie
  2547 | D:6      | Identified the +2 hand axe "Ujubbaiji" {holy, rCorr Dex+2}
  2833 | D:5      | Entered Level 5 of the Dungeon
  2879 | D:4      | Noticed Duvessa
  2902 | D:4      | Found a runed translucent door.
  2953 | D:4      | Found a runed translucent door.
  2974 | D:3      | Noticed Grinder
  2995 | D:4      | Noticed runthedishwasher's ghost (amateur GnRe)
  3415 | D:4      | Found a stormy altar of Qazlal.
  3487 | D:4      | Found a staircase to the Ecumenical Temple.
  3506 | D:4      | Learned a level 3 spell: Mephitic Cloud
  3615 | Temple   | Entered the Ecumenical Temple
  3646 | Temple   | Became a worshipper of Gozag Ym Sagoz the Greedy
  3981 | D:4      | Reached XP level 7. HP: 31/45 MP: 6/11
  4178 | D:4      | Noticed Dowan
  4180 | D:4      | Killed Dowan
  4181 | D:4      | Reached skill level 7 in Air Magic
  4500 | D:4      | Found a runed translucent door.
  4501 | D:4      | Noticed Crazy Yiuf
  4555 | D:5      | Reached skill level 3 in Spellcasting
  4555 | D:5      | Reached skill level 1 in Alchemy
  4701 | D:5      | HP: 4/45 [centaur/arrow (12)]
  4705 | D:5      | Slain by a centaur

Vanquished Creatures
  Sigmund (D:2)
  A jelly (D:6)
  Dowan (D:4)
  An iguana (D:5)
  Natasha (twice) (D:2)
  An orc wizard (D:4)
  6 adders
  A ribbon worm (D:2)
  2 dart slugs (D:1)
  6 orcs
  7 bats
  5 endoplasms
  3 giant cockroaches
  6 hobgoblins
  12 jackals
  3 quokkas
  5 ball pythons
  8 frilled lizards
  9 goblins
  8 kobolds
  4 rats
92 creatures vanquished.

Table legend: (Time is in decaauts)
 A = Elapsed time spent in this place.
 B = Non-inter-level travel time spent in this place.
 C = Inter-level travel time spent in this place.
 D = Time resting spent in this place.
 E = Time spent auto-exploring this place.
 F = Levels seen in this place.
 G = Mean time per level.
                   A        B        C        D        E       F      G
               +--------+--------+--------+--------+--------+-----+--------+
         Total |   4702 |   4518 |    184 |   1142 |   2472 |   7 |  671.7 |
       Dungeon |   4640 |   4516 |    124 |   1142 |   2472 |   6 |  773.3 |
        Temple |     61 |      1 |     60 |      0 |      0 |   1 |   61.0 |
               +--------+--------+--------+--------+--------+-----+--------+

Top non-repeatable levels by time:
     D:4: 1279 daAuts
     D:2: 1068 daAuts
     D:1: 962 daAuts
     D:3: 684 daAuts
     D:6: 471 daAuts
     D:5: 174 daAuts
  Temple: 61 daAuts

Table legend:
 A = Non-vault XP
 B = Vault XP
 C = Vault XP percentage of total XP
 D = Non-vault monster count
 E = Vault monster count
 F = Vault count percentage of total count
                 A         B        C        D         E       F
            +---------+---------+-------+---------+---------+-------
      Total |     402 |     335 |  45.5 |      83 |       9 |   9.8
            +---------+---------+-------+---------+---------+-------
        D:1 |      36 |       2 |   5.3 |      20 |       2 |   9.1
        D:2 |     109 |     267 |  71.0 |      29 |       6 |  17.1
        D:3 |      40 |       0 |   0.0 |      16 |       0 |   0.0
        D:4 |      86 |      66 |  43.4 |      14 |       1 |   6.7
        D:5 |      56 |       0 |   0.0 |       3 |       0 |   0.0
        D:6 |      75 |       0 |   0.0 |       1 |       0 |   0.0
            +---------+---------+-------+---------+---------+-------
